[Event "Team 45 45 League T77"]
[Site "Internet Chess Club"]
[Date "2018.07.23"]
[Round "5"]
[White "bobhill"]
[Black "SlimeDog2"]
[Result "1/2-1/2"]
[WhiteElo "1883"]
[BlackElo "1989"]
[Opening "King's Indian: Torre attack"]
[ECO "A48"]
[Time "21:04:59"]
[TimeControl "2700+45"]

1. d4 Nf6 2. Nf3 g6 3. Bg5 Bg7 4. Nbd2 d5 5. e3 O-O 6. Bd3 b6 7. O-O Bb7 8. c3
c5 9. Qe2 Nbd7 10. Rfe1 Ne4 11. Bf4 Qe8 12. Nf1 e5 13. dxe5 Nxe5 14. Nxe5 Bxe5
15. Bxe5 Qxe5 16. Rad1 Rad8 17. f3 Nd6 18. f4 Qe6 19. Qf2 Rfe8 20. Ng3 Qf6 21.
f5 Re5 22. fxg6 Qxf2+ 23. Kxf2 hxg6 24. a4 a5 25. b3 Kg7 26. h3 Rde8 27. Nf1 Bc6
28. Nd2 Nf5 29. Nf1 d4 30. Bxf5 Rxf5+ 31. Kg1 Rg5 32. g3 dxe3 33. Rd6 e2 34.
Rxc6 exf1=Q+ 35. Rxf1 Rxg3+ 36. Kf2 Rxh3 37. Rxb6 Rxc3 38. Rb7 Ree3 39. Rd1 Rxb3
40. Ra7 Red3 41. Rc1 Rdc3 42. Rd1 Rb2+ 43. Kg1 Rcc2 44. Rxa5 c4 45. Rc5 c3 46.
a5 Rh2 47. Rxc3 Rbg2+ 48. Kf1 Ra2 49. Kg1 Rhg2+ 50. Kh1 Rg5 51. Rc7 Raxa5 52.
Rdd7 Raf5 53. Kh2 Rf4 54. Kh3 Re5 55. Kg3 g5 56. Rd8 Re3+ 57. Kg2 Kg6 58. Rg8+
Kh5 59. Rc5 f5 60. Rc1 Kg4 61. Rc2 Rg3+ 62. Kh2 Rff3 63. Rc4+ Rf4 64. Rc2 Rff3
65. Rc4+ f4 66. Rc5 Rh3+ 67. Kg2 Rfg3+ 68. Kf2 Kh5 69. Rh8+ Kg6 70. Rg8+ Kh7 71.
Rgxg5 {Game drawn by mutual agreement} 1/2-1/2

[Event "Team 45 45 League T77"]
[Site "Internet Chess Club"]
[Date "2018.07.19"]
[Round "5"]
[White "backrankbrawler"]
[Black "bradleyguo175"]
[Result "1-0"]
[WhiteElo "1736"]
[BlackElo "1826"]
[Opening "King's Indian: East Indian defense"]
[ECO "A48"]
[Time "21:02:06"]
[TimeControl "2700+45"]

1. d4 Nf6 2. Nf3 g6 3. e3 Bg7 4. Be2 d6 5. O-O O-O 6. c4 c5 7. Nc3 Bf5 8. d5 a6
9. a4 Nbd7 10. a5 b6 11. axb6 Qxb6 12. Nh4 Ne4 13. Nxf5 Nxc3 14. Nxe7+ Kh8 15.
bxc3 Bxc3 16. Ra3 Bg7 17. Nc6 Ne5 18. Nxe5 Bxe5 19. Rb3 Qc7 20. Bb2 Bxb2 21.
Rxb2 a5 22. Qa4 Rfb8 23. Rfb1 Rxb2 24. Rxb2 Rb8 25. Rxb8+ Qxb8 26. Qxa5 Qb1+ 27.
Bf1 Kg7 28. Qc7 {Black resigns} 1-0

[Event "Team 45 45 League T77"]
[Site "Internet Chess Club"]
[Date "2018.07.19"]
[Round "5"]
[White "swagnik"]
[Black "Fianchettoed"]
[Result "0-1"]
[WhiteElo "1601"]
[BlackElo "1778"]
[Opening "Caro-Kann: Hillbilly attack"]
[ECO "B10"]
[Time "18:31:11"]
[TimeControl "2700+45"]

1. e4 c6 2. Bc4 d5 3. exd5 cxd5 4. Bb5+ Nc6 5. Bxc6+ bxc6 6. Nf3 Bg4 7. d4 Qa5+
8. c3 Qa6 9. h3 Bh5 10. Nbd2 e6 11. Qb3 Bd6 12. c4 Rb8 13. Qc2 Bg6 14. Qd1 dxc4
15. O-O Nf6 16. Re1 O-O 17. Ne5 Bxe5 18. dxe5 Nd5 19. Qg4 c3 20. bxc3 Nxc3 21.
Nc4 Rb4 22. Ba3 Rxc4 23. Bxf8 {White resigns} 0-1

[Event "Team 45 45 League T77"]
[Site "Internet Chess Club"]
[Date "2018.07.22"]
[Round "5"]
[White "MovingDutchman"]
[Black "fishhead"]
[Result "1-0"]
[WhiteElo "2151"]
[BlackElo "1626"]
[Opening "King's Indian, 3.Nf3"]
[ECO "E60"]
[Time "15:00:37"]
[TimeControl "2700+45"]

1. d4 Nf6 2. c4 g6 3. Nf3 Bg7 4. h4 d6 5. Nc3 c6 6. e4 Qc7 7. Bd3 e5 8. dxe5
dxe5 9. Be3 Nbd7 10. Qe2 Ng4 11. Bd2 Qb6 12. Na4 Qc7 13. h5 Ndf6 14. hxg6 hxg6
15. O-O-O Nh5 16. g3 b5 17. Nc3 Qb6 18. Rdf1 a6 19. Nd1 f6 20. Ne3 Kf7 21. Nxg4
Bxg4 22. Nxe5+ fxe5 23. Qxg4 Rhd8 24. Qf3+ Kg8 25. Rd1 Rd6 26. Be2 Rxd2 27. Rxd2
Bh6 28. Qg4 Bxd2+ 29. Kxd2 Ng7 30. Qxg6 Qxf2 31. Qh7+ {Black resigns} 1-0

[Event "Team 45 45 League T77"]
[Site "Internet Chess Club"]
[Date "2018.07.22"]
[Round "5"]
[White "room-matt"]
[Black "kllrchris"]
[Result "1/2-1/2"]
[WhiteElo "1826"]
[BlackElo "1642"]
[Opening "Sicilian: Grand Prix attack"]
[ECO "B21"]
[Time "01:12:27"]
[TimeControl "2700+45"]

1. e4 c5 2. f4 d5 3. exd5 Nf6 4. c4 e6 5. dxe6 Bxe6 6. Nf3 Nc6 7. Nc3 a6 8. d3
Be7 9. Be2 Qc7 10. O-O Rd8 11. b3 O-O 12. Qc2 Nb4 13. Qd2 Bf5 14. Ne5 Qd6 15.
Rd1 Nc6 16. Nxc6 Qxc6 17. Re1 Qd6 18. Bf3 Rd7 19. Bb2 Rfd8 20. Nd5 Nxd5 21. Bxd5
Be6 22. Bxe6 fxe6 23. Qe3 Kf7 24. Qh3 Rh8 25. Qh5+ g6 26. Qh3 Bf6 27. Bxf6 Kxf6
28. Re3 Re8 29. Rae1 Qd4 30. Kh1 Rde7 31. Qg4 Kg7 32. Qg5 Rf7 33. g3 Rf5 34. Qg4
Qb2 35. R3e2 Qd4 36. Qf3 Re7 37. Re4 Qc3 38. g4 Rff7 39. h4 h6 40. h5 Qf6 41.
hxg6 Qxg6 42. Re5 Qf6 43. R1e4 b6 44. Kg2 a5 45. a3 Rf8 46. Qe3 Rfe8 47. Kg3 Kf7
48. d4 cxd4 49. Qxd4 h5 50. Rxh5 Qxd4 51. Rxd4 e5 52. Rf5+ Kg7 53. Rd6 e4 54.
Rd2 e3 55. Re2 a4 56. b4 Re4 57. c5 bxc5 58. bxc5 Rd4 59. Rg5+ Kf6 60. Rf5+ Kg7
61. Kf3 Rd3 62. Re5 Rxe5 63. fxe5 Rxa3 64. Rxe3 Rb3 65. c6 Rxe3+ 66. Kxe3 a3 67.
c7 a2 68. c8=Q a1=Q 69. Qc7+ Kg8 70. g5 Qg1+ 71. Kf4 Qh2+ 72. Kf5 Qh3+ 73. Kf6
Qf3+ 74. Ke7 Qf7+ 75. Kd6 Qg6+ 76. e6 Qd3+ 77. Ke7 Qa3+ 78. Qd6 Qa7+ 79. Qd7
Qc5+ 80. Kf6 Qc3+ 81. Kg6 Qc2+ 82. Kh5 Qh2+ 83. Kg4 Qg2+ 84. Kf4 Qf2+ 85. Ke5
Qg3+ 86. Kf5 Qf3+ 87. Kg6 Qe4+ 88. Kh5 Qh1+ 89. Kg6 Qb1+ 90. Kf6 Qb2+ {Game
drawn by mutual agreement} 1/2-1/2

[Event "Team 45 45 League T77"]
[Site "Internet Chess Club"]
[Date "2018.07.21"]
[Round "5"]
[White "Manon"]
[Black "LinceHispano44"]
[Result "1-0"]
[WhiteElo "1899"]
[BlackElo "1686"]
[Opening "French: exchange variation"]
[ECO "C01"]
[Time "09:00:58"]
[TimeControl "2700+45"]

1. e4 e6 2. d4 d5 3. exd5 exd5 4. c4 Nf6 5. Nc3 c6 6. Nf3 Bg4 7. Be2 Be7 8. O-O
dxc4 9. Bxc4 O-O 10. Re1 Bb4 11. Be3 Nbd7 12. h3 Bh5 13. a3 Bd6 14. g4 Bg6 15.
Nh4 Nd5 16. Nxg6 Nxc3 17. bxc3 hxg6 18. Qd2 Nb6 19. Bd3 Qf6 20. c4 Bc7 21. Rab1
Rab8 22. Kg2 Qd6 23. f4 g5 24. c5 Qd5+ 25. Kg1 gxf4 26. Bxf4 Bxf4 27. Qxf4 Nd7
28. Qe4 Nf6 29. Qxd5 Nxd5 30. Bc4 Rfd8 31. Re5 f6 32. Bxd5+ Rxd5 33. Rxd5 cxd5
34. c6 b6 35. Rc1 Kf7 36. Kf2 Ke6 37. g5 fxg5 38. Kf3 Rc8 39. Kg4 Kd6 40. Kxg5
Rxc6 41. Rg1 Rc4 42. Rg4 b5 43. Kf5 a5 44. Rg6+ Ke7 45. Rxg7+ Kf8 46. Ra7 Rxd4
47. Rxa5 b4 48. Kf6 Ke8 49. Ke6 Kd8 50. Kd6 Kc8 51. Rc5+ Kb8 52. axb4 Rxb4 53.
Kxd5 Rb7 54. h4 Rh7 55. Rc4 Rh8 56. Ke6 Re8+ 57. Kf7 Re5 58. Kg6 Re6+ 59. Kg5
Re5+ 60. Kg4 Ra5 61. h5 Rb5 62. h6 Rb6 63. Kh5 Rb5+ 64. Kg6 Rb1 65. h7 Rg1+ 66.
Kh5 Rg2 67. Rh4 {Black resigns} 1-0

[Event "Team 45 45 League T77"]
[Site "Internet Chess Club"]
[Date "2018.07.20"]
[Round "5"]
[White "Duguesclin"]
[Black "WillC"]
[Result "1/2-1/2"]
[WhiteElo "1506"]
[BlackElo "1700"]
[Opening "QGA: 3.e4"]
[ECO "D20"]
[Time "15:12:38"]
[TimeControl "2700+45"]

1. d4 d5 2. c4 dxc4 3. e4 e5 4. d5 Nf6 5. Nc3 Be7 6. Bxc4 O-O 7. h3 c6 8. Nf3
cxd5 9. Bxd5 Qc7 10. O-O Bd7 11. Bg5 Bc6 12. Rc1 Nbd7 13. Qb3 Qb6 14. Rfe1 Qxb3
15. Bxb3 Bb4 16. Re2 Rfe8 17. Bxf6 gxf6 18. Nd5 Bxd5 19. Bxd5 Rac8 20. Rxc8 Rxc8
21. Bxb7 Rc1+ 22. Kh2 Nc5 23. Bd5 Nd3 24. g3 Bc5 25. Kg2 Rb1 26. b3 a5 27. a4
Ba3 28. Rc2 Bc5 29. Rc3 Rd1 30. Nh4 Rd2 31. Kf3 h5 32. g4 Ne1+ 33. Kg3 Bxf2+ 34.
Kh2 Bd4+ 35. Kh1 Bxc3 36. gxh5 Nd3 37. Nf5 Nf4 38. Ne7+ Kf8 39. h6 Ng6 40. Nf5
Nh8 41. h7 Rf2 42. h4 Rxf5 43. exf5 Kg7 44. Kg2 Kxh7 45. Kf3 Kh6 46. Kg4 Be1 47.
h5 Bd2 48. Be4 Be1 49. Bd5 Kg7 50. Be4 Bd2 51. Bd5 Kf8 52. Kf3 Ke7 53. Ke4 Kd6
54. Bc4 Kc5 55. Bd5 Bf4 56. Bc4 Kd6 57. Bd5 Ke7 58. Kf3 Kf8 59. Kg4 Kg7 60. Be4
Kh6 61. Bd5 Ng6 62. hxg6 fxg6 63. fxg6 Kxg6 64. Be4+ Kg7 65. Kf5 Kf7 66. Bd5+
Ke7 67. Bc4 Bg5 68. Bd5 Kd6 69. Bc4 Kc5 70. Ke4 Bh4 71. Be6 Kb4 72. Bc4 Kc3 73.
Be6 {Game drawn by mutual agreement} 1/2-1/2

[Event "Team 45 45 League T77"]
[Site "Internet Chess Club"]
[Date "2018.07.20"]
[Round "5"]
[White "texasnurse"]
[Black "HomerSimpson"]
[Result "1-0"]
[WhiteElo "2143"]
[BlackElo "1967"]
[Opening "Sicilian: closed"]
[ECO "B24"]
[Time "16:02:14"]
[TimeControl "2700+45"]

1. e4 c5 2. Nc3 Nc6 3. g3 g6 4. Bg2 Bg7 5. d3 Rb8 6. Be3 b5 7. a3 d6 8. Nge2 Nf6
9. h3 O-O 10. O-O a5 11. Qd2 b4 12. axb4 axb4 13. Nd5 Nd7 14. Bh6 Bxb2 15. Bxf8
Bxa1 16. Bxe7 Nxe7 17. Nxe7+ Qxe7 18. Rxa1 Qf6 19. d4 Nb6 20. Ra7 Be6 21. dxc5
dxc5 22. Nf4 b3 23. cxb3 Bxb3 24. Qe3 c4 25. e5 Qf5 26. e6 fxe6 27. Nxe6 Nc8 28.
Rg7+ Kh8 29. Qh6 g5 30. Rg8+ {Black resigns} 1-0

[Event "Team 45 45 League T77"]
[Site "Internet Chess Club"]
[Date "2018.07.19"]
[Round "5"]
[White "Terte"]
[Black "MovingDutchman"]
[Result "0-1"]
[WhiteElo "1775"]
[BlackElo "2149"]
[Opening "Sicilian: closed, 6.Be3"]
[ECO "B26"]
[Time "12:00:55"]
[TimeControl "2700+45"]

1. e4 c5 2. Nc3 Nc6 3. g3 g6 4. Bg2 Bg7 5. d3 d6 6. Be3 Qa5 7. Qd2 Nd4 8. f4 Nf6
9. Nf3 Nxf3+ 10. Bxf3 Bg4 11. Bg2 Bd7 12. h3 Bc6 13. O-O Nd7 14. f5 Be5 15. Bf4
f6 16. Bxe5 Nxe5 17. a3 Qc7 18. Ne2 g5 19. Rf2 O-O-O 20. b4 h5 21. a4 a6 22. d4
cxd4 23. Nxd4 Bd7 24. Bf1 Kb8 25. a5 Rc8 26. b5 Qc3 27. Rb1 Qxd2 28. Rxd2 axb5
29. Bxb5 Bxb5 30. Rxb5 Rc5 31. Kf2 Rhc8 32. Rxc5 Rxc5 33. Ne6 Rxa5 34. h4 gxh4
35. gxh4 Ng4+ 36. Kg3 Ra3+ 37. Rd3 Ra1 38. Rc3 Rg1+ 39. Kf3 Ne5+ 40. Kf2 Rg4 41.
Rc7 Rxe4 42. Rxe7 Rxh4 43. Nd8 Rh2+ 44. Kg3 Rxc2 45. Nxb7 Rc3+ 46. Kh4 Rc7 47.
Rxc7 Kxc7 48. Na5 d5 49. Kxh5 d4 50. Nb3 d3 51. Kh6 Kd6 52. Kg7 Kd5 53. Kxf6 Nf3
54. Ke7 Kc4 55. f6 Kxb3 56. f7 Ne5 {White resigns} 0-1

[Event "Team 45 45 League T77"]
[Site "Internet Chess Club"]
[Date "2018.07.18"]
[Round "5"]
[White "justice02"]
[Black "Sloggi"]
[Result "0-1"]
[WhiteElo "1622"]
[BlackElo "1945"]
[Opening "Caro-Kann: classical variation"]
[ECO "B18"]
[Time "22:30:38"]
[TimeControl "2700+45"]

1. e4 c6 2. d4 d5 3. Nd2 dxe4 4. Nxe4 Bf5 5. Ng5 e6 6. Bc4 Be7 7. g4 Bg6 8. h4
Bxg5 9. Bxg5 Qc7 10. Qe2 h6 11. Bxe6 hxg5 12. Bf5+ Qe7 13. Bxg6 fxg6 14. Qxe7+
Nxe7 15. Nf3 gxh4 16. O-O-O h3 17. Rde1 Nd7 18. Re3 Kf8 19. Ng5 Nd5 20. Rf3+
N7f6 21. Nxh3 Kg8 22. c4 Nc7 23. g5 Nd7 24. Re1 Re8 25. Rxe8+ Nxe8 26. Nf4 Rh1+
27. Kc2 Nf8 28. c5 Re1 29. Kd2 Re7 30. Kd3 Nc7 31. a4 Nce6 32. Nxe6 Nxe6 33. b4
Rd7 34. Kc3 Nxd4 35. Rd3 Ne2+ 36. Kd2 Re7 37. b5 Nf4 38. Rd8+ Kf7 39. bxc6 bxc6
40. Rd6 Ne6 41. Rxc6 Rc7 42. Rxc7+ Nxc7 43. Kd3 Ke7 44. Kc4 Kd7 45. f4 Ne6 46.
Kb5 Nc7+ 47. Kb4 Kc6 48. Ka5 Kxc5 49. f5 gxf5 50. g6 Kc6 51. Kb4 Nd5+ 52. Ka5 f4
53. Ka6 f3 54. Kxa7 f2 55. a5 f1=Q 56. a6 Qf2+ 57. Ka8 Qf8+ 58. Ka7 Qe7+ 59. Ka8
Qd8+ {White resigns} 0-1

[Event "Team 45 45 League T77"]
[Site "Internet Chess Club"]
[Date "2018.07.19"]
[Round "5"]
[White "charles-allen"]
[Black "ascoli"]
[Result "0-1"]
[WhiteElo "1833"]
[BlackElo "1767"]
[Opening "Bird's opening"]
[ECO "A03"]
[Time "13:00:44"]
[TimeControl "2700+45"]

1. f4 d5 2. Nf3 g6 3. e3 Bg7 4. Be2 Nf6 5. O-O O-O 6. d3 c5 7. Ne5 Nbd7 8. Qe1
d4 9. Nxd7 Nxd7 10. e4 e5 11. f5 b5 12. Qg3 Bb7 13. Bg5 f6 14. Bd2 g5 15. Bh5
Qe7 16. h4 h6 17. hxg5 hxg5 18. Na3 Bc6 19. Kf2 Rfc8 20. Rh1 Nf8 21. Rh3 Be8 22.
Bxe8 Qxe8 23. Rah1 Rc7 24. Qh2 Kf7 25. Rg3 Ke7 26. Rxg5 fxg5 27. Bxg5+ Kd6 28.
f6 Bxf6 29. Bxf6 Rf7 30. Nxb5+ Kc6 31. Qh8 Nd7 32. Nxa7+ Kb6 {White resigns} 0-1

[Event "Team 45 45 League T77"]
[Site "Internet Chess Club"]
[Date "2018.07.21"]
[Round "5"]
[White "primerpaso"]
[Black "SlimeDog2"]
[Result "1-0"]
[WhiteElo "1838"]
[BlackElo "1994"]
[Opening "English: Anglo-Grünfeld, Smyslov defense"]
[ECO "A16"]
[Time "19:03:44"]
[TimeControl "2700+45"]

1. c4 Nf6 2. Nc3 d5 3. cxd5 Nxd5 4. g3 g6 5. Bg2 Nxc3 6. bxc3 Bg7 7. d4 c5 8. e3
O-O 9. Ne2 Nc6 10. O-O e5 11. Ba3 cxd4 12. Bxf8 Kxf8 13. cxd4 exd4 14. Nxd4 Nxd4
15. exd4 Qxd4 16. Rb1 Rb8 17. Rb4 Qxd1 18. Rxd1 Ke7 19. Bd5 Bc3 20. Re4+ Kf8 21.
Rd3 Ba5 22. Rf3 f5 23. g4 Bc7 24. gxf5 gxf5 25. Be6 Bxe6 26. Rxe6 Kf7 27. Rh6
Kg7 28. Rh5 f4 29. Rfh3 Rh8 30. Rd5 Rd8 31. Rxd8 Bxd8 32. Rd3 {Black resigns}
1-0

[Event "Team 45 45 League T77"]
[Site "Internet Chess Club"]
[Date "2018.07.21"]
[Round "5"]
[White "ArturitoGalacti"]
[Black "VictorRed"]
[Result "1-0"]
[WhiteElo "1882"]
[BlackElo "1722"]
[Opening "English: Carls' Bremen system"]
[ECO "A22"]
[Time "21:08:41"]
[TimeControl "2700+45"]

1. c4 e5 2. Nc3 Nf6 3. g3 Bc5 4. Bg2 O-O 5. e3 Nc6 6. Nge2 a6 7. O-O d6 8. d4
Bb6 9. Nd5 Nxd5 10. cxd5 Ne7 11. dxe5 dxe5 12. Nc3 Nf5 13. b3 Nd6 14. Bb2 f6 15.
Na4 Ba7 16. Rc1 Bf5 17. Ba3 Rf7 18. Nc5 Bxc5 19. Bxc5 Qd7 20. Qd2 Rd8 21. Qb4 b6
22. Bxd6 Qxd6 23. Qxd6 Rxd6 24. e4 Bg4 25. f3 Bc8 26. Rc3 Bb7 27. Rfc1 Rdd7 28.
Bh3 Rde7 29. Be6 {Black resigns} 1-0

[Event "Team 45 45 League T77"]
[Site "Internet Chess Club"]
[Date "2018.07.21"]
[Round "5"]
[White "kabindra"]
[Black "cysk"]
[Result "0-1"]
[WhiteElo "1742"]
[BlackElo "1803"]
[Opening "Scandinavian: Pytel-Wade variation"]
[ECO "B01"]
[Time "19:09:10"]
[TimeControl "2700+45"]

1. e4 d5 2. exd5 Qxd5 3. Nc3 Qd6 4. d4 Nf6 5. h3 e5 6. dxe5 Qxe5+ 7. Qe2 Qxe2+
8. Bxe2 Bb4 9. Bd2 O-O 10. O-O-O Nc6 11. Nf3 a6 12. g4 Re8 13. Bd3 Be6 14. Ng5
Ne5 15. Nxe6 Nxd3+ 16. cxd3 Rxe6 17. g5 Nd7 18. a3 Bc5 19. f4 f5 20. Rhe1 Rae8
21. Rxe6 Rxe6 22. Re1 Nf8 23. Re5 Rxe5 24. fxe5 Kf7 25. h4 Bd4 26. Bf4 Ng6 27.
e6+ Kxe6 28. Bxc7 Nxh4 29. Bd8 Nf3 30. Kd1 Kd7 31. Ba5 Nxg5 32. Nd5 {White
resigns} 0-1

[Event "Team 45 45 League T77"]
[Site "Internet Chess Club"]
[Date "2018.07.20"]
[Round "5"]
[White "Portola"]
[Black "QuieroAprender"]
[Result "1-0"]
[WhiteElo "1773"]
[BlackElo "1601"]
[Opening "Queen's pawn game"]
[ECO "A45"]
[Time "19:40:45"]
[TimeControl "2700+45"]

1. d4 Nf6 2. c3 g6 3. Nf3 d6 4. Bg5 Bg7 5. Nbd2 O-O 6. e3 b6 7. Bc4 Bb7 8. O-O
Nbd7 9. Qe2 e5 10. dxe5 Nxe5 11. Nxe5 dxe5 12. Rfd1 Qe7 13. Nf3 h6 14. Bh4 c5
15. h3 g5 16. Bg3 Ne4 17. Bh2 Nd6 18. Bd5 e4 19. Bxd6 exf3 20. Qxf3 Bxd5 21.
Qxd5 Qd8 22. Bxf8 Qxd5 23. Rxd5 Kxf8 24. Rad1 Ke8 25. Rd7 Bd4 26. Rb7 {Black
resigns} 1-0

[Event "Team 45 45 League T77"]
[Site "Internet Chess Club"]
[Date "2018.07.23"]
[Round "5"]
[White "ascoli"]
[Black "andrew37"]
[Result "1-0"]
[WhiteElo "1785"]
[BlackElo "1614"]
[Opening "English: symmetrical, main line with d4"]
[ECO "A39"]
[Time "15:08:48"]
[TimeControl "2700+45"]

1. c4 Nf6 2. Nc3 c5 3. g3 g6 4. Bg2 Bg7 5. Nf3 O-O 6. O-O Nc6 7. d4 cxd4 8. Nxd4
Nxd4 9. Qxd4 d6 10. Qd3 Rb8 11. Rd1 Bf5 12. e4 Be6 13. Be3 b6 14. Rac1 Nd7 15.
b3 Ne5 16. Qd2 Bg4 17. Re1 Bh3 18. f4 Bxg2 19. fxe5 Bh3 20. exd6 exd6 21. Bh6
Qf6 22. Bxg7 Qxg7 23. Qxd6 Rfd8 24. Qf4 Qd4+ 25. Qf2 Qxf2+ 26. Kxf2 Rd2+ 27. Re2
Rbd8 28. Nd5 Rxe2+ 29. Kxe2 Kg7 30. Ke3 Re8 31. Kf3 h5 32. Re1 f5 33. e5 Bg4+
34. Kf2 Re6 35. Nf4 Re8 36. h3 g5 37. hxg4 gxf4 38. gxh5 fxg3+ 39. Kxg3 Rf8 40.
Kf4 Kh6 41. e6 Kxh5 42. e7 Re8 43. Kxf5 Kh6 44. Kf6 {Black resigns} 1-0

[Event "Team 45 45 League T77"]
[Site "Internet Chess Club"]
[Date "2018.07.19"]
[Round "5"]
[White "kabindra"]
[Black "ChessRooklift"]
[Result "1-0"]
[WhiteElo "1680"]
[BlackElo "1666"]
[Opening "Scandinavian: Icelandic gambit"]
[ECO "B01"]
[Time "19:09:31"]
[TimeControl "2700+45"]

1. e4 d5 2. exd5 Nf6 3. c4 e6 4. d4 exd5 5. Nc3 c6 6. h3 Qe7+ 7. Be3 Bf5 8. c5
h6 9. Nf3 Ne4 10. Bd3 Ng3 11. Bxf5 Nxf5 12. O-O Nxe3 13. fxe3 Nd7 14. e4 dxe4
15. Nxe4 O-O-O 16. Nd6+ Kc7 17. Qa4 Qe3+ 18. Kh1 Bxd6 19. cxd6+ Kb8 20. Rae1 Qd3
21. Ne5 Nxe5 22. dxe5 Qg3 23. Qa5 Rd7 24. Qc5 Re8 25. Re3 Qg6 26. Ra3 a6 27. Rb3
Kc8 28. Qa7 {Black resigns} 1-0

[Event "Team 45 45 League T77"]
[Site "Internet Chess Club"]
[Date "2018.07.20"]
[Round "5"]
[White "edelgado"]
[Black "QuieroAprender"]
[Result "1/2-1/2"]
[WhiteElo "1482"]
[BlackElo "1595"]
[Opening "Scotch: Potter variation"]
[ECO "C45"]
[Time "22:01:41"]
[TimeControl "2700+45"]

1. e4 e5 2. Nf3 Nc6 3. d4 exd4 4. Nxd4 Bc5 5. Nb3 Bb6 6. a4 a6 7. Nc3 Nf6 8. Be2
d6 9. O-O h6 10. Kh1 Be6 11. f4 O-O 12. Bf3 Bc4 13. Be2 Bxb3 14. cxb3 Nd4 15.
Bc4 Nc6 16. g4 Na5 17. Bd3 c5 18. g5 hxg5 19. fxg5 Nd7 20. Nd5 Ne5 21. Nf6+ gxf6
22. gxf6 c4 23. Rg1+ Bxg1 24. Qxg1+ Ng6 25. e5 dxe5 26. Bxg6 Qxf6 27. Be4+ Qg7
28. Qb6 Nxb3 29. Bh6 Nxa1 30. Bxg7 Kxg7 31. Qg1+ Kf6 32. Qxa1 Ke6 33. Bxb7 Ra7
34. Qa3 Rxb7 35. Qxf8 Rxb2 36. Qc8+ Kd5 37. Qxa6 c3 38. Qa5+ Kd4 39. Qd8+ Ke3
40. Qg5+ Kd4 41. Qg1+ Kd3 42. Qg3+ Kd4 {Game drawn by mutual agreement} 1/2-1/2

[Event "Team 45 45 League T77"]
[Site "Internet Chess Club"]
[Date "2018.07.24"]
[Round "5"]
[White "misuc56"]
[Black "AboardBuffalo"]
[Result "1-0"]
[WhiteElo "1561"]
[BlackElo "1484"]
[Opening "King's Indian defense"]
[ECO "E60"]
[Time "11:01:26"]
[TimeControl "2700+45"]

1. d4 Nf6 2. c4 g6 3. e3 Bg7 4. Nc3 d5 5. Bd2 O-O 6. f4 Bf5 7. Nf3 Be4 8. Be2
Nc6 9. a3 e6 10. O-O Qe7 11. c5 a6 12. b4 b6 13. Ne5 Nxe5 14. fxe5 Nd7 15. Nxe4
dxe4 16. cxb6 cxb6 17. Rc1 b5 18. Qb3 Rac8 19. Rfd1 Nb6 20. Rc5 Rxc5 21. bxc5
Nd5 22. Qc2 Rc8 23. Qxe4 Qb7 24. Bf3 Qc6 25. Qb1 Qd7 26. Qb3 Rd8 27. Bxd5 exd5
28. Qd3 Qg4 29. Rc1 h5 30. h3 Qg5 31. Qe2 Qf5 32. c6 Rc8 33. Qf3 Qe6 34. c7 Qd7
35. Ba5 Bf8 36. Ra1 Qc6 37. Qe2 Be7 38. Qd2 Qb7 39. Qc3 Kf8 40. Rc1 Ke8 41. Qc6+
Qxc6 42. Rxc6 Kd7 43. Rxa6 Bxa3 44. Bb6 b4 45. Kf1 Kc6 46. Bc5+ Kb5 47. Ra7 Kc6
48. Ra6+ Kb7 49. Rb6+ Ka8 50. Bd6 Ka7 51. Rb5 Ka6 52. Rxd5 Kb6 53. Ke2 Kc6 54.
e4 Rxc7 55. Bxc7 Kxc7 56. Rc5+ Kb6 57. Rc8 Kb7 58. Rc4 b3 59. Kd3 b2 60. Kc2 Kb6
61. Ra4 Be7 62. Kxb2 Kb5 63. Kb3 Bd8 64. Rc4 Bb6 65. Kc3 Ba5+ 66. Kd3 g5 67. Rc8
g4 68. hxg4 hxg4 69. Rf8 g3 70. Rxf7 Kc6 71. Kc4 Bb6 72. Rg7 Bc5 73. Rg6+ Kc7
74. Kxc5 Kd7 75. Rxg3 Ke7 76. d5 Kd7 77. Rg7+ Ke8 78. Ra7 Kd8 79. Kc6 Ke8 80.
Kd6 Kf8 81. Ke6 Kg8 82. Kf6 Kh8 83. Kg6 Kg8 84. Ra8# {Black checkmated} 1-0

[Event "Team 45 45 League T77"]
[Site "Internet Chess Club"]
[Date "2018.07.22"]
[Round "5"]
[White "ChessPlayer2005"]
[Black "President"]
[Result "0-1"]
[WhiteElo "1492"]
[BlackElo "1605"]
[Opening "Owen defense"]
[ECO "B00"]
[Time "11:00:22"]
[TimeControl "2700+45"]

1. e4 b6 2. d4 Bb7 3. Nc3 e6 4. Bd3 Bb4 5. Bd2 Nf6 6. Nge2 Na6 7. Bxa6 Bxa6 8.
e5 Ng8 9. a3 Be7 10. Ne4 Bb7 11. N2g3 f5 12. exf6 Nxf6 13. f3 O-O 14. Qe2 a5 15.
b3 Nxe4 16. fxe4 Bg5 17. h4 Bxh4 18. Qg4 Bxg3+ 19. Qxg3 Bxe4 20. O-O-O Bg6 21.
Bg5 Qc8 22. Rh4 Qb7 23. Rg4 Rf5 24. Be3 Raf8 25. Bh6 R8f6 26. Bg5 Rf7 27. Bf4
Bh5 28. Rg5 Bxd1 29. Rxf5 Rxf5 30. Kxd1 d6 31. Qe3 Rf6 32. Bg5 Rf1+ 33. Kd2
Qxg2+ 34. Qe2 Rf2 {White resigns} 0-1

[Event "Team 45 45 League T77"]
[Site "Internet Chess Club"]
[Date "2018.07.23"]
[Round "5"]
[White "mambo99"]
[Black "learnedberry1"]
[Result "0-1"]
[WhiteElo "1490"]
[BlackElo "1534"]
[Opening "Ruy Lopez: Anderssen variation"]
[ECO "C77"]
[Time "09:04:37"]
[TimeControl "2700+45"]

1. e4 e5 2. Nf3 Nc6 3. Bb5 a6 4. Ba4 Nf6 5. d3 b5 6. Bb3 Bc5 7. O-O d6 8. c3 O-O
9. h3 Bd7 10. Bg5 h6 11. Bh4 g5 12. Nxg5 hxg5 13. Bxg5 Be6 14. Qf3 Kg7 15. Qg3
Rg8 16. Qh4 Rh8 17. Qg3 Rg8 18. Nd2 Kf8 19. Qh4 Rg6 20. Bxe6 fxe6 21. Nf3 Kf7
22. d4 exd4 23. cxd4 Nxd4 24. e5 Nxf3+ 25. gxf3 dxe5 26. Rad1 Qg8 27. Rd7+ Nxd7
28. Qh5 Nf6 29. Kh2 Nxh5 {White resigns} 0-1

[Event "Team 45 45 League T77"]
[Site "Internet Chess Club"]
[Date "2018.07.19"]
[Round "5"]
[White "MartyJR"]
[Black "mongmong"]
[Result "0-1"]
[WhiteElo "1444"]
[BlackElo "1466"]
[Opening "Queen's pawn"]
[ECO "A40"]
[Time "21:01:21"]
[TimeControl "2700+45"]

1. d4 e6 2. Bf4 c5 3. e3 Qb6 4. Nc3 a6 5. Rb1 d5 6. Nf3 Nc6 7. a3 Nf6 8. dxc5
Bxc5 9. Na4 Qa7 10. Nxc5 Qxc5 11. Bd3 b5 12. b4 Qe7 13. O-O e5 14. Re1 e4 15.
Bxe4 Nxe4 16. Qxd5 Bb7 17. Qd3 O-O 18. Nd4 Rfd8 19. f3 Nf6 20. Qc3 Nxd4 21. exd4
Qd7 22. Rbd1 Nd5 23. Qd2 Nxf4 24. Qxf4 Re8 25. Re5 Rxe5 26. Qxe5 Re8 27. Qc5 Bd5
28. Qc3 Qe6 29. Qd2 Qe3+ 30. Qxe3 Rxe3 31. Kf2 Rxa3 32. Re1 Kf8 33. Re5 Bc4 34.
Rc5 g6 35. Rc8+ Ke7 36. Rc7+ Kf6 37. h3 Ra2 38. Ra7 Rxc2+ 39. Kg1 Ra2 40. Kh2
Ra4 41. Kg3 Rxb4 42. Rxa6+ Kg7 43. Rd6 Rb2 44. Rb6 Bf1 45. Kf4 Bxg2 46. Ke3 Bf1
47. h4 Rb3+ 48. Kf4 Rd3 49. Rxb5 Rxd4+ 50. Ke3 Bxb5 51. Kxd4 f5 52. Ke3 h6 53.
f4 Kf6 54. Kf3 h5 55. Kg3 Ke6 56. Kf3 Kd5 57. Ke3 Bc4 58. Kf3 Kd4 59. Kg3 Ke4
{White resigns} 0-1

[Event "Team 45 45 League T77"]
[Site "Internet Chess Club"]
[Date "2018.07.22"]
[Round "5"]
[White "Ajolote"]
[Black "a-man"]
[Result "1-0"]
[WhiteElo "1795"]
[BlackElo "1794"]
[Opening "Sicilian: closed"]
[ECO "B24"]
[Time "21:00:52"]
[TimeControl "2700+45"]

1. e4 c5 2. Nc3 Nc6 3. g3 g6 4. Bg2 Bg7 5. Nge2 e6 6. O-O d6 7. d3 Rb8 8. Be3 b5
9. Qd2 Nd4 10. Nd1 Qc7 11. c3 Nxe2+ 12. Qxe2 Ne7 13. Bd2 O-O 14. Ne3 Re8 15. f4
Bb7 16. Qf2 a5 17. Rae1 b4 18. f5 exf5 19. exf5 Bxg2 20. Kxg2 Qc6+ 21. Kg1 Nd5
22. fxg6 f6 23. gxh7+ Kh8 24. Nf5 Rxe1 25. Rxe1 Kxh7 26. c4 Nb6 27. Qe2 Rb7 28.
Qh5+ Kg8 29. Re8+ Bf8 30. Qg6+ Rg7 31. Qxg7# {Black checkmated} 1-0

[Event "Team 45 45 League T77"]
[Site "Internet Chess Club"]
[Date "2018.07.22"]
[Round "5"]
[White "THE-WARRIOR"]
[Black "Insan996"]
[Result "0-1"]
[WhiteElo "1610"]
[BlackElo "1665"]
[Opening "Nimzo-Indian defense"]
[ECO "E20"]
[Time "16:00:36"]
[TimeControl "2700+45"]

1. d4 Nf6 2. c4 e6 3. Nc3 Bb4 4. Bd2 O-O 5. Nf3 c5 6. e3 b6 7. a3 Bxc3 8. Bxc3
Ne4 9. Rc1 Bb7 10. Be2 d6 11. O-O Nxc3 12. Rxc3 Nd7 13. b4 Nf6 14. bxc5 dxc5 15.
Ne5 Qc7 16. Bf3 Rfd8 17. Bxb7 Qxb7 18. Qf3 Qxf3 19. Nxf3 Rac8 20. Rd1 h6 21.
Rcc1 cxd4 22. exd4 Rd7 23. Ne5 Rdc7 24. f3 Ne8 25. Rd2 Nd6 26. Rdc2 Nb5 27. Rd2
Nxa3 {White resigns} 0-1